 Dungeon Crawl Stone Soup version 0.19.1 (webtiles) character file.

96 Angani the Poker (level 4, 0/33 HPs)
             Began as a Merfolk Gladiator on Dec 5, 2016.
             Was a Follower of Yredelemnul.
             Slain by a worm (10 damage)
             ... on level 3 of the Dungeon.
             The game lasted 00:03:44 (1894 turns).

Angani the Poker (Merfolk Gladiator)                Turns: 1894, Time: 00:03:45

Health: 0/33       AC:  4    Str: 15    XL:     4   Next: 67%
Magic:  4/4        EV: 14    Int:  7    God:    Yredelemnul [*.....]
Gold:   109        SH:  0    Dex: 15    Spells: 0 memorised, 3 levels left

rFire  . . .     SeeInvis .     a - +0 trident
rCold  + . .     Gourm    .     b - +0 leather armour
rNeg   . . .     Faith    .     (no shield)
rPois  .         Spirit   .     c - +0 helmet
rElec  .         Reflect  .     (no cloak)
rCorr  .         Harm     .     (no gloves)
MR     .....                    (no boots)
Stlth  +.........               (no amulet)
                                m - ring of protection from cold
                                n - ring of flight

@: no status effects
A: change form in water, swift swim, stealthy swim
a: Animate Remains, Renounce Religion, Evoke Flight


You were on level 3 of the Dungeon.
You worshipped Yredelemnul.
Yredelemnul was aware of your devotion.
You were not hungry.

You visited 1 branch of the dungeon, and saw 3 of its levels.

You collected 109 gold pieces.

Inventory:

Hand Weapons
 a - a +0 trident (weapon)
Missiles
 d - 3 throwing nets (quivered)
Armour
 b - a +0 leather armour (worn)
 c - a +0 helmet (worn)
Jewellery
 m - a ring of protection from cold (right hand)
 n - a ring of flight (left hand)
 t - an uncursed ring of wizardry
Scrolls
 h - 2 scrolls of enchant weapon {unknown}
 i - 2 scrolls of identify {unknown}
 r - a scroll of magic mapping {unknown}
 v - 2 scrolls of enchant armour {unknown}
 w - a scroll of noise {unknown}
 x - 2 scrolls of teleportation {unknown}
Potions
 e - 2 potions of lignification {unknown}
 g - a potion of berserk rage {unknown}
 j - a potion of curing {unknown}
 o - a potion of ambrosia {unknown}
 p - a potion of mutation {unknown}
 q - 5 potions of might
 s - a potion of haste {unknown}
Books
 l - a book of Minor Magic

   Spells                             Type                      Level
   a - Magic Dart                     Conjuration                  1
   b - Blink                          Translocation                2
   c - Call Imp                       Summoning                    2
   d - Repel Missiles                 Charms/Air                   2
   e - Slow                           Hexes                        2
   f - Conjure Flame                  Conjuration/Fire             3
   g - Mephitic Cloud                 Conjuration/Poison/Air       3
Comestibles
 f - a bread ration
 k - a slice of pizza


   Skills:
 - Level 2.1 Fighting
 + Level 7.6 Polearms
 - Level 2.0 Throwing
 - Level 4.0 Dodging


You had 3 spell levels left.
You didn't know any spells.

Dungeon Overview and Level Annotations

Branches:
Dungeon (3/15)

Altars:
Ashenzari
Nemelex Xobeh
Yredelemnul


Message History

Found a bread ration.
You see here a garnet ring.
You barely miss the worm. The worm bites you!
You barely miss the worm. You puncture the worm!
The worm is severely wounded.
The worm completely misses you.
You hit the worm but do no damage.
The worm is severely wounded.
You hit the worm.
The worm is severely wounded.
The worm bites you!
* * * LOW HITPOINT WARNING * * *
You barely miss the worm.
The worm is severely wounded.
You hit the worm.
The worm is almost dead.
The worm bites you!
You die...
Your body rises from the dead as a mindless zombie.

#....#.........#....#
#.####........##.##.#
#.#...#.......#......
#.#...+..._..)'...+..
#.....#....(......#..
#=###.#.......##.##..
#....#...............
####..#⌠.#.+##.⌠#..##.
#..[.@####...####....#
#....w...#...# (...#.#
#........#...#..#.##.#
#...#....#####.......#
#...#...%.. ..## ###
#...#.....## #
#...#.....# # #..
####### #


You could see a worm.

Vanquished Creatures
  Jessica (D:2)
  2 adders (D:3)
  2 oozes
  2 worms (D:2)
  A leopard gecko (D:3)
  An orc (D:3)
  4 bats
  2 giant cockroaches (D:3)
  7 goblins
  4 hobgoblins
  3 kobolds
  A quokka (D:3)
  3 frilled lizards
  A rat (D:1)
34 creatures vanquished.

Notes
Turn   | Place    | Note
-------+----------+-------------------------------------------
     0 | D:1      | Angani the Merfolk Gladiator began the quest for the Orb.
     0 | D:1      | Reached XP level 1. HP: 16/16 MP: 1/1
   179 | D:1      | Reached skill level 5 in Polearms
   310 | D:1      | Reached XP level 2. HP: 22/22 MP: 2/2
   874 | D:2      | Reached skill level 6 in Polearms
   874 | D:2      | Reached XP level 3. HP: 27/27 MP: 3/3
  1018 | D:2      | Found a sparkling altar of Nemelex Xobeh.
  1102 | D:2      | Found a faded altar of an unknown god.
  1119 | D:2      | Became a worshipper of Yredelemnul the Dark
  1119 | D:2      | Reached * piety under Yredelemnul
  1128 | D:2      | Noticed Jessica
  1152 | D:2      | Killed Jessica
  1152 | D:2      | Reached skill level 7 in Polearms
  1152 | D:2      | Reached XP level 4. HP: 19/33 MP: 4/4
  1859 | D:3      | Found a shattered altar of Ashenzari.
  1894 | D:3      | Slain by a worm

Skill      XL: |  1  2  3 |
---------------+----------+-----
Polearms       | 5 6 7 |  7.6
Fighting       | |  2.1
Throwing       | |  2.0
Dodging        | |  4.0

Action                   |  1- 3 |  4- 6 || total
-------------------------+-------+-------++-------
Melee: Trident           |    82 |    48 ||   130
 Stab: Sleeping          |     1 |       ||     1
  Eat: Chunk             |     1 |     2 ||     3
Armor: Leather armour    |    10 |     6 ||    16
Dodge: Dodged            |    34 |    20 ||    54
